 Dungeon Crawl Stone Soup version 0.23-a0-650-ga4d50d4 (webtiles) character file.

28 Blackhawk the Grasshopper (level 2, 0/25 HPs)
             Began as a Draconian Warper on Jan 4, 2019.
             Slain by a sky beast (2 damage)
             ... on level 2 of the Dungeon.
             The game lasted 00:01:40 (1110 turns).

Blackhawk the Grasshopper (Draconian Warper)        Turns: 1110, Time: 00:01:41

Health: 0/25       AC:  4    Str: 13    XL:     2   Next: 96%
Magic:  5/5        EV: 12    Int: 13    God:
Gold:   29         SH:  0    Dex: 10    Spells: 5/5 levels left

rFire    . . .     SeeInvis .   a - +0 mace
rCold    . . .     Gourm    .   (no shield)
rNeg     . . .     Faith    .   (armour unavailable)
rPois    .         Spirit   .   (helmet restricted)
rElec    .         Reflect  .   (no cloak)
rCorr    .         Harm     .   (no gloves)
MR       .....                  (no boots)
Stlth    +.........             (no amulet)
HPRegen  0.08/turn              (no ring)
MPRegen  0.09/turn              (no ring)

@: no status effects
A: unfitting armour, cold-blooded, AC +4
a: no special abilities


You were on level 2 of the Dungeon.
You were hungry.

You visited 1 branch of the dungeon, and saw 2 of its levels.

You collected 29 gold pieces.

Inventory:

Hand Weapons
 a - a +0 mace (weapon)
Missiles
 d - 5 tomahawks of dispersal (quivered)
Scrolls
 c - 2 scrolls of blinking
 e - 2 scrolls of fog {unknown}
 k - a scroll of remove curse {unknown}
 l - a scroll of teleportation {unknown}
Potions
 b - a potion of berserk rage {unknown}
 g - a potion of heal wounds {unknown}
 h - a potion of curing {unknown}
 j - 2 potions of degeneration {unknown}
Comestibles
 f - 2 rations


   Skills:
 + Level 2.5 Fighting
 + Level 2.3 Maces & Flails
 + Level 1.3 Throwing
 + Level 2.4 Dodging
 + Level 2.2 Spellcasting
   Level 3.0 Translocations


You had 5 spell levels left.
You didn't know any spells.
Your spell library contained the following spells:

 Spells                   Type           Power        Failure   Level  Hunger
 Blink                    Tloc           N/A          11%         2    ###....
 Shroud of Golubria       Chrm/Tloc      #.........   21%         2    ###....
 Gell's Gravitas          Tloc           #.........   22%         3    ####...
 Lesser Beckoning         Tloc           #.........   22%         3    ####...
 Teleport Other           Tloc           #.......     22%         3    ####...
 Passage of Golubria      Tloc           N/A          58%         4    #####..


Dungeon Overview and Level Annotations

Branches:
Dungeon (2/15)

Altars:


Innate Abilities, Weirdness & Mutations

Your plain brown scales are hard. (AC +4)
You cannot fit into any form of body armour.
You are cold-blooded and may be slowed by cold attacks.


Message History

You are too injured to fight recklessly!
You are too injured to fight recklessly!
You are too injured to fight recklessly!
You are too injured to fight recklessly!
You are too injured to fight recklessly!
You are too injured to fight recklessly!
You are too injured to fight recklessly!
You are too injured to fight recklessly!
You are too injured to fight recklessly!
You are too injured to fight recklessly!
You hit something. You tail-slap something. Something hits you.
Something shocks you.
You miss something. Something hits you.
* * * LOW HITPOINT WARNING * * *
Something shocks you.
* * * LOW HITPOINT WARNING * * *
A sky beast appears from thin air!
Reactivating autopickup.
The sky beast hits you.
You die...

..... #... #... ##..
.#####... ........#
........# .
........######... .
.......KY@..........
.......†###..>......
............##......
##.#....$#####.....
...................
....#..##...##.#.#..
##..#.. ###.<....8#
#.?... ####...#..
...##. .....


You could see a sky beast and a kobold.

Vanquished Creatures
  3 dart slugs (D:1)
  A bat (D:1)
  4 giant cockroaches
  A goblin (D:1)
  3 hobgoblins (D:1)
  2 jackals (D:1)
  3 frilled lizards (D:1)
  A kobold (D:1)
  2 rats (D:1)
20 creatures vanquished.

Notes
Turn   | Place    | Note
-------+----------+-------------------------------------------
     0 | D:1      | Blackhawk the Draconian Warper began the quest for the Orb.
     0 | D:1      | Reached XP level 1. HP: 17/17 MP: 3/3
   188 | D:1      | Reached skill level 1 in Throwing
   331 | D:1      | Reached XP level 2. HP: 25/25 MP: 5/5
  1103 | D:2      | Noticed a sky beast
  1110 | D:2      | Slain by a sky beast

Vault maps used:
D:1:      dpeg_cavernosity, feat_on_display
D:2:      chequers_ecumenical_altar_grove, kennysheep_decorative_pillar,
          hangedman_feature_mirror, bloody_makhleb

Skill      XL: |  1 |
---------------+----+-----
Throwing       | 1 |  1.3
Fighting       | |  2.5
Maces & Flails | |  2.3
Dodging        | |  2.4
Spellcasting   | |  2.2
Translocations | |  3.0

Action                   || total
-------------------------++-------
Melee: Mace              ||    65
       Tailslap          ||     5
 Stab: Sleeping          ||     2
Armor: Skin              ||    16
Dodge: Dodged            ||    39

Table legend:
 A = Non-vault XP
 B = Vault XP
 C = Vault XP percentage of total XP
 D = Non-vault monster count
 E = Vault monster count
 F = Vault count percentage of total count
                 A         B        C        D         E       F
            +---------+---------+-------+---------+---------+-------
      Total |      33 |       7 |  17.5 |      16 |       4 |  20.0
            +---------+---------+-------+---------+---------+-------
        D:1 |      31 |       7 |  18.4 |      15 |       4 |  21.1
        D:2 |       2 |       0 |   0.0 |       1 |       0 |   0.0
            +---------+---------+-------+---------+---------+-------
